 Dungeon Crawl Stone Soup version 0.28.0-53-g5a82cb258f (webtiles) character file.

Game seed: 480540974756988225

212 Fractals the Sneak (level 5, -1/50 HPs)
             Began as a Naga Enchanter on June 25, 2022.
             Splashed by a jelly's acid (7 damage)
             ... on level 4 of the Dungeon.
             The game lasted 00:11:26 (3443 turns).

Fractals the Sneak (Naga Enchanter)                 Turns: 3443, Time: 00:11:26

Health: -1/50      AC: -4    Str: 10    XL:     5   Next: 89%
Magic:  16/17      EV:  7    Int: 16    God:
Gold:   180        SH:  9    Dex: 13    Spells: 6/8 levels left

rFire   . . .      SeeInvis +   a - +1 dagger
rCold   . . .      Faith    .   w - +2 kite shield
rNeg    . . .      Spirit   .   s - +0 leather armour
rPois   +          Reflect  .   (no helmet)
rElec   .          Harm     .   (no cloak)
rCorr   .          Rampage  .   (no gloves)
Will    .....                   (no barding)
Stlth   +++.......              (no amulet)
HPRegen 0.16/turn               t - +4 ring of protection
MPRegen 0.15/turn               l - ring of magical power

@: short of breath, corroded, very slow
A: AC +1, large, see invisible, deformed body, poison resistance, slowness 2,
spit poison 1, naga tail 1
a: Spit Poison


You were on level 4 of the Dungeon.
You visited 1 branch of the dungeon, and saw 4 of its levels.

You collected 180 gold pieces.

Inventory:

Hand Weapons
 a - a +1 dagger (weapon)
 k - a +0 war axe
Missiles
 d - 74 stones
 f - 3 curare-tipped darts
 h - 21 bolts
 j - 7 poisoned darts
Armour
 s - a +0 leather armour (worn)
 w - a +2 kite shield (worn)
Jewellery
 g - a ring of fire
 l - a ring of magical power (right hand)
 t - a +4 ring of protection (left hand)
Scrolls
 m - a scroll of teleportation
 p - a scroll of blinking {unknown}
 v - a scroll of noise {unknown}
 x - a scroll of identify {unknown}
Potions
 b - 2 potions of haste {unknown}
 c - a potion of invisibility
 e - 3 potions of curing {unknown}
 i - a potion of lignification {unknown}
 n - a potion of flight {unknown}
 o - a potion of mutation {unknown}
 q - a potion of ambrosia {unknown}
 r - a potion of berserk rage {unknown}
 u - a potion of might


   Skills:
 + Level 4.3 Fighting
 - Level 2.0 Short Blades
 + Level 0.0 Armour
 - Level 1.5 Dodging
 - Level 5.0 Stealth
 + Level 0.0 Shields
 - Level 2.0 Spellcasting
 - Level 3.0 Hexes
 - Level 2.0 Ice Magic


You had 6 spell levels left.
You knew the following spells:

 Your Spells              Type           Power      Damage    Failure   Level
a - Ensorcelled Hibernat  Hex/Ice        18%        N/A       38%         2

Your spell library contained the following spells:

 Spells                   Type           Power      Damage    Failure   Level
 Confusing Touch          Hex            11%        N/A       54%         3
 Tukima's Dance           Hex            11%        N/A       54%         3
 Dazzling Flash           Conj/Hex       12%        N/A       77%         3


Dungeon Overview and Level Annotations

Branches:
Dungeon (4/15)
 Temple: D:4-7

Altars:
Cheibriados
Wu Jian
Zin

Shops:
D:2 [   D:3 (

Annotations:
D:4 Menkaure


Innate Abilities, Weirdness & Mutations

Your serpentine skin is tough. (AC +1)
You have supernaturally acute eyesight. (SInv)
Armour fits poorly on your strangely shaped body.
Your system is resistant to poisons. (rPois)
You cover ground very slowly.
You can spit poison.
You have a snake-like lower body.


Message History

Confirm with . or Enter, or press ? or * to list all spells.
Aiming: Ensorcelled Hibernation (dangerous; 38% risk of failure)
Press: ? - help, Shift-Dir - straight line, f/p - jelly
Aim: a jelly (chance to affect: 51%)
The jelly resists with some effort.
You have got your breath back.
You block the jelly's attack.
Unknown command.
You hit the jelly.
Your hands burn!
The jelly is moderately wounded.
The jelly hits you but does no damage.
You hit the jelly.
Your hands burn!
The jelly is moderately wounded.
You block the jelly's attack.
You barely miss the jelly.
The jelly is moderately wounded.
The jelly hits you but does no damage.
You hit the jelly.
Your hands burn!
The jelly is heavily wounded.
The jelly hits you. The acid corrodes you!
You are splashed with acid!
You hit the jelly but do no damage.
Your hands burn!
The jelly is heavily wounded.
You block the jelly's attack. The jelly hits you. The acid corrodes you!
You are splashed with acid!
You hit the jelly.
Your hands burn!
* * * LOW HITPOINT WARNING * * *
The jelly is severely wounded.
The jelly hits you.
* * * LOW HITPOINT WARNING * * *
You are splashed with acid!
* * * LOW HITPOINT WARNING * * *
Aiming: Spit Poison (1% risk of failure)
Press: ? - help, Shift-Dir - straight line, f/p - jelly
Aim: a jelly (severely wounded, 100% to hit)
The splash of poison hits the jelly.
The jelly is severely wounded.
The jelly hits you.
* * * LOW HITPOINT WARNING * * *
The acid corrodes you!
You are splashed with acid!
You die...

#.##...#...#.........
#.###### ..#.........
#.# ###..#...... #.#
######..⌠#..... ###
###.......#......
####................
#....#..............
#....#............[.
#..@.#####'###..##..
#..J.##..........#..
#....##........+....
#....##........#....
.....##........#....
##...###........#.##.
#...# #........#.##.
#...# #........#.##.
##########.##.


You could see a jelly.

Vanquished Creatures
  Eustachio (D:4)
  An adder (D:4)
  2 dart slugs (D:2)
  2 orcs (D:3)
  6 ball pythons
  4 bats
  2 endoplasms (D:2)
  A giant cockroach (D:3)
  4 goblins
  8 hobgoblins
  5 jackals
  A quokka (D:3)
  7 kobolds
  7 rats
51 creatures vanquished.

Notes
Turn   | Place    | Note
-------+----------+-------------------------------------------
     0 | D:1      | Fractals the Naga Enchanter began the quest for the Orb.
     0 | D:1      | Reached XP level 1. HP: 15/15 MP: 3/3
   108 | D:1      | Found a faded altar of an unknown god.
   389 | D:1      | Reached skill level 1 in Fighting
   389 | D:1      | Reached XP level 2. HP: 23/25 MP: 5/5
   518 | D:1      | Reached skill level 5 in Stealth
   830 | D:2      | Learned a level 2 spell: Ensorcelled Hibernation
   875 | D:2      | Found Deosyhue's Antique Armour Boutique.
  1016 | D:2      | Reached XP level 3. HP: 31/31 MP: 6/6
  1418 | D:2      | Identified the +3 rapier of Impermanence {pain, rElec rC-
                  | Dex+4}
  1678 | D:2      | Reached skill level 1 in Ice Magic
  2305 | D:3      | Found Potzull's Antique Weapon Shop.
  2330 | D:3      | Found a snail-covered altar of Cheibriados.
  2478 | D:3      | Reached XP level 4. HP: 39/39 MP: 7/7
  2743 | D:4      | Noticed Menkaure
  3082 | D:4      | Found a glowing silver altar of Zin.
  3107 | D:4      | Noticed Eustachio
  3120 | D:4      | Killed Eustachio
  3121 | D:4      | Reached XP level 5. HP: 28/50 MP: 8/8
  3341 | D:4      | Found an ornate altar of the Wu Jian Council.
  3443 | D:4      | Splashed by a jelly's acid

Illustrated notes

Levels and vault maps discovered:
D:1:      nzn_arrival_crosshair, layout_rooms, basic_ecumenical_altar
D:2:      layout_basic, serial_shops, shop, minmay_curled_crystal,
          dk_noncrumbling_2
D:3:      layout_basic, mainiacjoe_overflow_chevrons, serial_shops,
          nicolae_shop_stone
D:4:      layout_basic, mainiacjoe_overflow_alcove_1, zin_academy,
          lemuel_doored_altar, hex_tiny, kennysheep_decorative_pillar,
          uniq_eustachio, uniq_menkaure

Skill      XL: |  1  2  3  4 |
---------------+-------------+-----
Fighting       | 1 2 4 |  4.3
Stealth        | 5 |  5.0
Ice Magic      | 1 2 |  2.0
Short Blades   | 2 |  2.0
Dodging        | |  1.5
Spellcasting   | |  2.0
Hexes          | |  3.0

Action                   |  1- 3 |  4- 6 || total
-------------------------+-------+-------++-------
Melee: Dagger            |    75 |    21 ||    96
       Punch             |     1 |       ||     1
 Cast: Ensorcelled Hiber |       |     3 ||     3
 Abil: Spit Poison       |    31 |     6 ||    37
  Use: Scroll            |       |     2 ||     2
 Stab: Sleeping          |     6 |     1 ||     7
       Distracted        |     1 |       ||     1
Armor: Robe              |     9 |       ||     9
       Leather armour    |       |    14 ||    14
Dodge: Dodged            |    28 |     9 ||    37
Block: Kite shield       |       |     4 ||     4
